Cogmind - Beta 10.2 @@@ ROGUE MODE // 2022.01.07 @ 16:12:12 Player: lumberblack Result: Destroyed self with Grenade Launcher Performance ------------- Evolutions (0) 0 Regions Visited (2) 400 Robots Destroyed (42) 210 Value Destroyed (783) 783 Prototype IDs (3) 60 Alien Tech Used (0) 0 Bonus (0) 0 TOTAL SCORE: 1453 Bonus ------- None Cogmind --------- Core Integrity 0/250 Matter 35/300 Energy 250/250 System Corruption 0% Temperature Cool (0) Movement Treading (160) Location -10/Mines Parts ------- > --- POWER (1) -------- Ion Engine > --- PROPULSION (2) --- Improved Treads Improved Treads > --- UTILITY (2) ------ High-capacity Storage Unit > --- WEAPON (2) ------- Grenade Launcher Grenade Launcher > --- INVENTORY (12) --- Medium Storage Unit High-capacity Storage Unit High-capacity Matter Pod (200) Light Cannon Light Cannon Plasma Cutter Plasma Cutter Peak State ------------ > --- POWER ------------ Light Nuclear Core > --- PROPULSION ------- Light Treads Light Treads > --- UTILITY ---------- Small Storage Unit Improved Terrain Scanner > --- WEAPON ----------- Light Assault Rifle Light Assault Rifle > --- INVENTORY -------- Wheel High-capacity Matter Pod Grenade Launcher Grenade Launcher Grenade Launcher Mining Laser [Rating: 10] Favorites ----------- Power Light Ion Engine Engine Light Ion Engine Power Core Light Nuclear Core Propulsion Light Treads Treads Light Treads Leg Aluminum Leg Wheel Wheel Utility High-capacity Storage Unit Device Improved Terrain Scanner Storage High-capacity Storage Unit Protection Light Armor Plating Weapon Light Cannon Ballistic Gun Light Assault Rifle Ballistic Cannon Light Cannon Launcher Grenade Launcher Special Weapon Mining Laser Build | -11 -10 -10 ------- Run | Scr Mat Min Slots Evolved . | . . . Power . | . . . Propulsion . | . . . Utility . | . . . Weapon . | . . . Parts Attached 45 | 3 31 11 Power 5 | . 5 . Engine 4 | . 4 . Core 1 | . 1 . Reactor . | . . . Propulsion 17 | 2 13 2 Treads 13 | 1 10 2 Leg . | . . . Wheel 4 | 1 3 . Hover . | . . . Flight . | . . . Utility 5 | 1 4 . Device 1 | 1 . . Storage 1 | . 1 . Processor . | . . . Hackware . | . . . Protection 3 | . 3 . Artifact . | . . . Weapon 18 | . 9 9 Energy Gun . | . . . Energy Cannon . | . . . Ballistic Gun 2 | . 2 . Ballistic Cannon 7 | . 2 5 Launcher 8 | . 4 4 Special Weapon 1 | . 1 . Impact Weapon . | . . . Slashing Weapon . | . . . Piercing Weapon . | . . . Special Melee Weapon . | . . . Unidentified Prototypes . | . . . Parts Lost 7 | . 1 6 Power 1 | . 1 . Propulsion 2 | . . 2 Utility 1 | . . 1 Weapon 3 | . . 3 Highest Loss Streak 6 | . 1 6 Average Slot Usage (%) 94 | . 94 86 Engine 9 | . 9 14 Treads 26 | . 26 23 Device 3 | . 3 . Storage 14 | . 14 14 Protection 9 | . 10 4 Ballistic Gun 7 | . 7 . Ballistic Cannon 15 | . 15 14 Launcher 5 | . 4 14 Naked Turns . | . . . Heaviest Build 46 | 10 46 46 Greatest Support 46 | 20 46 46 Greatest Overweight (x) 1 | . 1 . Average Overweight (x) . | . . . Largest Inventory Capacity 12 | 6 12 12 Average Capacity 10 | 6 10 12 Most Carried 12 | 6 12 12 Average Carried 9 | 4 9 9 Final Capacity 12 | 6 12 12 Final Carried 12 | 4 12 7 Class Distribution -------------------- 100% | Mutant Dominant Class ---------------- Mutant | -10/Materials Mutant | -10/Mines Resources | -11 -10 -10 ----------- Run | Scr Mat Min Matter Collected 1156 | 246 908 2 Remotely . | . . . Salvage Created 865 | 103 747 15 Parts 56 | 8 48 . Haulers Intercepted 2 | . 2 . Recyclers Shooed 5 | . 5 . Parts Field Recycled . | . . . Retrieved Matter . | . . . Parts Self-Destructed . | . . . Prevented . | . . . Kills | -11 -10 -10 ------- Run | Scr Mat Min Combat Hostiles Destroyed 26 | . 19 7 Guns 12 | . 12 . Cannons 7 | . 5 2 AOE 7 | . 2 5 Classes Destroyed 11 | 2 7 2 Worker 4 | . 4 . Builder 2 | . 2 . Tunneler 4 | 2 2 . Hauler 2 | . 2 . Recycler 3 | 1 2 . Operator 1 | . 1 . Watcher 2 | . 2 . Swarmer 9 | . 6 3 Grunt 13 | . 13 . Demolisher 2 | . . 2 Assembled 2 | . . 2 Best Kill Streak 5 | 2 5 3 Combat Bots Only 5 | . 5 3 Max Kills in Single Turn 4 | 1 4 2 Gunslinging . | . . . Exploded 2 | . 2 2 Melee . | . . . Uniques/NPCs Destroyed . | . . . Combat | -11 -10 -10 -------- Run | Scr Mat Min Damage Taken 1640 | . 632 1008 Core 250 | . 80 170 Absorbed by Shields . | . . . Core Remaining (%) 100 | 100 . . Volleys Fired 99 | 8 74 17 Largest 2 | 2 2 2 Hottest 100 | 40 100 70 Shots Fired 194 | 16 147 31 Gun 96 | 16 80 . Cannon 74 | . 50 24 Launcher 23 | . 16 7 Special 1 | . 1 . Kinetic 170 | 16 130 24 Thermal 1 | . 1 . Explosive 23 | . 16 7 Electromagnetic . | . . . Robot Hit Streak 11 | 8 8 11 Robot Miss Streak 4 | 1 4 3 Penetration Max . | . . . Secondary Targets 4 | . 4 . Max Gunslinging Chain 1 | . 1 . Shots Hit Robots 105 | 12 77 16 Core Hits 72 | 5 55 12 Critical Hits 2 | . 2 . Critical Kills . | . . . Critical Parts Destroyed 2 | . 2 . Melee Attacks . | . . . Impact . | . . . Slashing . | . . . Piercing . | . . . Sneak Attacks . | . . . Combat Hostiles . | . . . Follow-up Attacks . | . . . Damage Inflicted 2409 | 102 1755 552 Guns 527 | 102 425 . Cannons 713 | . 435 278 Explosions 1023 | . 749 274 Melee . | . . . Ramming 146 | . 146 . Kinetic 1240 | 102 860 278 Thermal . | . . . Explosive 953 | . 679 274 Electromagnetic 70 | . 70 . Impact . | . . . Slashing . | . . . Piercing . | . . . Highest Corruption . | . . . Average Corruption . | . . . Corruption Purged . | . . . Overload Shots . | . . . Overflow Damage 69 | . 61 8 Projectiles . | . . . Explosions 69 | . 61 8 Melee . | . . . Knockbacks 11 | . 8 3 Impact 1 | . 1 . Kinetic 9 | . 6 3 Secondary 1 | . 1 . Self-Inflicted Damage 18 | . . 18 Shots 1 | . . 1 Rammed 28 | . 28 . Targets Rammed 32 | . 32 . Kicked . | . . . Crushed 4 | . 4 . Highest Temperature 120 | . 120 112 Average Temperature 38 | . 29 70 Received Heat Transfer 264 | . 264 . Siege Activations . | . . . Robots Corrupted . | . . . Combat Hostiles . | . . . Parts Fried . | . . . Impact Corruptions . | . . . Robots Melted . | . . . Combat Hostiles . | . . . Parts Melted . | . . . Heat Transferred . | . . . Parts Sabotaged . | . . . Parts Stolen . | . . . Parts Stripped . | . . . Power Chain Reactions . | . . . Missiles Intercepted . | . . . Alert | -11 -10 -10 ------- Run | Scr Mat Min Peak Influence 355 | 15 355 132 Initial 62 | . 9 62 Average 176 | 10 185 114 Maximum Alert Level 1 | . 1 . Low Security (%) 66 | 100 63 100 Level 1 33 | . 36 . Level 2 . | . . . Level 3 . | . . . Level 4 . | . . . Level 5 . | . . . High Security . | . . . Max Security . | . . . Squads Dispatched 5 | . 5 . Investigation 4 | . 4 . Extermination . | . . . Reinforcement 1 | . 1 . Assault . | . . . Garrison . | . . . Intercept . | . . . Construction Impeded . | . . . Haulers Reinforced . | . . . Stealth | -11 -10 -10 --------- Run | Scr Mat Min Distress Signals . | . . . Communications Jammed . | . . . Distress Signals . | . . . Times Spotted 43 | . 37 6 Peak Tracking Total 4 | . 4 3 Tactical Retreats 4 | . 3 1 Traps | -11 -10 -10 ------- Run | Scr Mat Min Traps Triggered 4 | . 4 . Indirectly . | . . . Trap Hack Attempts . | . . . Triggered . | . . . Disarmed . | . . . Reprogrammed . | . . . Reused . | . . . Traps Extracted . | . . . Installed . | . . . Triggered . | . . . Machines | -11 -10 -10 ---------- Run | Scr Mat Min Machines Disabled 2 | . 2 . Max in Single Turn 1 | . 1 . Machines Sabotaged . | . . . Garrisons Compromised . | . . . Overloaded Fab Kills . | . . . Fab Network Shutdowns . | . . . Hacking | -11 -10 -10 --------- Run | Scr Mat Min Machines Accessed 10 | . 10 . Terminals 7 | . 7 . Fabricators . | . . . Repair Stations 1 | . 1 . Recycling Units 2 | . 2 . Scanalyzers . | . . . Garrison Access . | . . . Total Hacks 29 | . 29 . Successful 18 | . 18 . Failed 10 | . 10 . Catastrophic 4 | . 4 . Database Lockouts 1 | . 1 . Manual 15 | . 15 . Terminals 24 | . 24 . Fabricators . | . . . Repair Stations 2 | . 2 . Recycling Units 3 | . 3 . Scanalyzers . | . . . Garrison Access . | . . . Terminal Hacks 12 | . 12 . Record 1 | . 1 . Part Schematic 1 | . 1 . Prototype ID Bank 1 | . 1 . Branch Access Points 1 | . 1 . Terminal Index 1 | . 1 . Alert Level 2 | . 2 . Unreport Threat 1 | . 1 . Locate Traps 3 | . 3 . Zone Layout 1 | . 1 . Fabricator Hacks . | . . . Repair Station Hacks 2 | . 2 . Scan Component 1 | . 1 . Repair 1 | . 1 . Recycling Unit Hacks . | . . . Scanalyzer . | . . . Garrison Access Hacks . | . . . Unauthorized Hacks 4 | . 4 . Terminals 1 | . 1 . Botnet 1 | . 1 . Fabricators . | . . . Repair Stations . | . . . Recycling Units 3 | . 3 . Recyclers 1 | . 1 . Tunnel 2 | . 2 . Scanalyzers . | . . . Garrison Access . | . . . Data Cores Recovered . | . . . Used . | . . . Hacking Detections 9 | . 9 . Full Trace Events . | . . . Feedback Events . | . . . Feedback Blocked . | . . . Robot Schematics Acquired . | . . . Robots Built . | . . . Matter . | . . . Time . | . . . Total Robot Build Rating . | . . . Part Schematics Acquired 1 | . 1 . Parts Built . | . . . Matter . | . . . Time . | . . . Total Part Build Rating . | . . . Parts Repaired 1 | . 1 . Time 26 | . 26 . Parts Recycled . | . . . Recycled Matter . | . . . Retrieved Matter . | . . . Retrieved Components . | . . . Parts Scanalyzed . | . . . Part Schematics Acquired . | . . . Parts Damaged . | . . . Bothacking | -11 -10 -10 ------------ Run | Scr Mat Min Used RIF Installer . | . . . Robots Hacked . | . . . Non-combat . | . . . Combat . | . . . Robot Hacks Applied . | . . . Relay Couplers Released . | . . . Robots Rewired . | . . . Allies Hacked . | . . . Hacks Repelled . | . . . Allies | -11 -10 -10 -------- Run | Scr Mat Min Total Allies . | . . . Largest Group . | . . . Highest-Rated Group . | . . . Highest-Rated Ally . | . . . Total Orders . | . . . Ally Attacks . | . . . Total Damage . | . . . Kills . | . . . Allies Corrupted . | . . . Allies Melted . | . . . Intel | -11 -10 -10 ------- Run | Scr Mat Min Robot Analysis Total . | . . . Derelict Logs Recovered 1 | . . 1 Drone Launches . | . . . Drone Recoveries . | . . . Exploration | -11 -10 -10 ------------- Run | Scr Mat Min Turns Passed 2769 | 78 2529 162 Spaces Moved 1232 | 16 1163 53 Core . | . . . Treads 1077 | 15 1009 53 Legs 1 | 1 . . Wheels 154 | . 154 . Hover . | . . . Flight . | . . . Fastest Speed 80 | 120 80 160 Average Speed 163 | 157 163 160 Slowest Speed 180 | 160 180 160 Overloaded Moves . | . . . Propulsion Burnouts . | . . . Robots Hopped . | . . . Cave-ins Triggered . | . . . Exploration Rate (%) 39 | 4 96 17 Regions Visited 2 Branch Regions 1 Pre-discovered Areas 3 | . 2 1 Known Exits Taken 1 | . 1 . Unknown Exits Taken 1 | 1 . . Scrap Searched . | . . . Spaces Dug 1 | . 1 . Terrain Destroyed 112 | . 76 36 Melee . | . . . Projectile 1 | . 1 . AOE 111 | . 75 36 Terrain Rammed . | . . . Walls Destroyed . | . . . Machines Disabled . | . . . Actions | -11 -10 -10 --------- Run | Scr Mat Min Total 1797 | 57 1642 98 Wait 336 | 27 292 17 Move 1230 | 15 1162 53 Hop . | . . . Pick Up 24 | 1 23 . Fast Attach 11 | 1 10 . Attach 12 | 2 5 5 Detach 2 | . 2 . Swap 22 | . 16 6 Drop 29 | 3 26 . Fire 99 | 8 74 17 Melee . | . . . Ram . | . . . Kick . | . . . Crush 32 | . 32 . Escape Stasis . | . . . Rewire . | . . . Trap . | . . . Miscellaneous . | . . . Route ------- -11/Scrapyard -10/Materials (discovered 5 exits: [*Mat x3] / *Min x2) -10/Mines History --------- Turn | Location | Event 17 | -11/Scrapyard | Discovered new exit (range 2) 79 | -11/Scrapyard | Entered Materials 107 | -10/Materials | Discovered new exit (range 16) 162 | -10/Materials | Discovered new exit (range 10) 303 | -10/Materials | Build established: Mutant 1548 | -10/Materials | Discovered new exit (range 16) 1600 | -10/Materials | Central database locked down 1748 | -10/Materials | Identified exit to Mines 1826 | -10/Materials | Discovered new exit (range 14) 2395 | -10/Materials | Repaired Lgt. Treads 2608 | -10/Materials | Entered Mines 2609 | -10/Mines | Assembled infested the area 2616 | -10/Mines | Learned location of Zion (-7) 2623 | -10/Mines | Met a Derelict bent on vengeance 2660 | -10/Mines | Core integrity fell below 50% 2679 | -10/Mines | Core integrity fell below 20% 2718 | -10/Mines | Lost 6 parts (2n1u3w) 2770 | -10/Mines | Destroyed self with Grenade Launcher Last Messages --------------- 02674_ Imp. Treads destroyed. 02675_ The unstable cave ceiling collapses. 02678_ D-53 Grenadier knocked back. 02678_ U-05 Engineer builds a Wall. 02680_ The unstable cave ceiling collapses. 02681_ D-53 Grenadier knocked back. 02682_ Lgt. Cannon destroyed. 02683_ The unstable cave ceiling collapses. 02687_ Lgt. Cannon destroyed. 02688_ The unstable cave ceiling collapses. 02689_ D-53 Grenadier destroyed. 02690_ The unstable cave ceiling collapses. 02712_ K-01 Serf destroyed. 02715_ The unstable cave ceiling collapses. 02715_ as-82234 destroyed. 02718_ U-05 Engineer forms the Earth. 02719_ Acquired 2 matter. 02721_ Destroyed Asb. F-torch. 02740_ The unstable cave ceiling collapses. 02770_ as-44553 destroyed. Map ----- +----------------------------------------------------+ | ?????????????????????????####### ### ## | | ????????????????????????## # # # =$ # | | ???????????????????????## %#? | | ???????????????????????# # # ##??????? | | ???????????????????????# # # #??????? | | ???????????????????????# ## ## ####???? | | ??????????????????????# #### ######## ##??? | | ??????????????????????# # ####### #??? | | ??????????????????????## ### ### #??? | | ???????????????????????# # ## ######### ##??? | | ???????????????????????# # #### #????????###???? | | ???????????????????????### ###??# #??????????????? | | ?????????????????????????###????# #??????????????? | | ????????????????????????????????# #??????????????? | | ???????????????????????????????## #??????????????? | | ??????????????????????????????## ##?????????????? | | ?????????????????????????????## ##????????????? | | ????????????????????????????## ##???????????? | | ???????????????????????????## #???????????? | | ????????????????????????#### #???????????? | | ????????????????????????# ## ##???????????? | | ????????????????????????# ##?###????????????? | | ????????????????????????# ##?????????????????? | | ????????????????????????# ####??????????????????? | | ????????????????????????# #?????????????????????? | | ????????????????????????#@ #?????????????????????? | | ???????????????????????# #????????????????????? | | ?????????????????????? #????????????????????? | | ????????????????????? % gg???????????????????? | | ????????????????????### ??????????????????? | | ??????????????????????# #### ?????????????????? | | ??????????????????????# ????? ????????????????? | | ??????????????????????= ????? ???????????????? | | ??????????????????????* ?????? #??????????????? | | ?????????????????????! ???????? #??????????????? | | ????????????????????? ???????? #??????????????? | | ????????????????????? #????????? ##??????????????? | | ???????????????????? #???????????#???????????????? | | ???????????????????? ????????????????????????????? | | ?????????????????????????????????????????????????? | | ?????????????????????????????????????????????????? | | ?????????????????????????????????????????????????? | | ?????????????????????????????????????????????????? | | ?????????????????????????????????????????????????? | | ?????????????????????????????????????????????????? | | ?????????????????????????????????????????????????? | | ?????????????????????????????????????????????????? | | ?????????????????????????????????????????????????? | | ?????????????????????????????????????????????????? | | | +----------------------------------------------------+ Best States ------------- Heat Dissipation 25 Energy Generation 14 Energy Capacity 250 Matter Stores 300 Matter Capacity 300 Sight Range 16 Terrain Scan Range 16 Terrain Scan Density 10 Armor Coverage 150 Evasion (%) 44 Recoil Reduction 2 Item Schematics ----------------- Hcp. Storage Unit | -10/Materials | Hacked Robot Schematics ------------------ None Fabricated ------------ Nothing Alien Tech Used ----------------- None Achievements -------------- None Challenges ------------ None Game ------ Seed ShieldBehemothBiocell Manual? 0 Play Time 00:20:53 Cumulative 316.2 hours Start 2022.01.07 @ 15:45:46 End 2022.01.07 @ 16:12:12 Sessions 2 Manual Loads 0 Difficulty Rogue Special Mode None Game No. 238 Rogue 238 Adventurer 0 Explorer 0 Win Type - Total 6 Types 5/0/1/0/0/0/0/0/0 Lore% 54 Gallery% 77 Achievement% 62 Wizard Run 0 Options --------- ASCII 0 Keyboard 0 Movement Numpad Keybinds 0 Fullscreen 2 Font 18/TerminusBold Map View 76x50 Tactical HUD 1 Map Filters NONE Filters NONE Steam 1 RUN: 991d9ab1-da3a-4302-b4ea-d771f65cb11d